 Dungeon Crawl Stone Soup version 0.27-a0-1597-ge58577e147 (webtiles) character file.

Game seed: 7547245738583240271

14123 HAL9000 the Covert (level 12, -8/58 HPs)
             Began as a Vine Stalker Brigand on July 20, 2021.
             Was a Follower of Dithmenos.
             Mangled by a komodo dragon (17 damage)
             ... on level 2 of the Lair of Beasts on July 21, 2021.
             The game lasted 00:22:46 (11042 turns).

HAL9000 the Covert (Vine Stalker Brigand)          Turns: 11042, Time: 00:22:47

Health: -8/58      AC: 12    Str: 16    XL:     12   Next: 13%
Magic:  0/13       EV: 13    Int: 18    God:    Dithmenos [*.....]
Gold:   359        SH:  0    Dex: 18    Spells: 4/11 levels left

rFire    + . .     SeeInvis .   y - +2 dagger (venom)
rCold    . . .     Faith    .   (no shield)
rNeg     . . .     Spirit   +   C - +3 leather armour {rF+}
rPois    .         Reflect  .   d - +0 helmet
rElec    .         Harm     .   c - +0 cloak
rCorr    .         Rampage  .   (no gloves)
Will     +....                  (no boots)
Stlth    ++++++....             g - amulet of the acrobat
HPRegen  1.19/turn              E - +4 ring of protection
MPRegen  0.13/turn              o - +6 ring of intelligence

@: wreathed by umbra
A: fangs 3, regeneration 1, magic shield, antimagic bite, no potion heal 2
a: Renounce Religion


You were on level 2 of the Lair of Beasts.
You worshipped Dithmenos.
Dithmenos was aware of your devotion.
You visited 3 branches of the dungeon, and saw 13 of its levels.

You collected 484 gold pieces.
You spent 125 gold pieces at shops.

Inventory:

Hand Weapons
 r - a +2 rapier of holy wrath
 t - a +4 vorpal quick blade
 y - a +2 dagger of venom (weapon)
Missiles
 m - 30 poisoned darts (quivered)
 p - 6 boomerangs
 q - 59 sling bullets
 A - 4 curare-tipped darts
 I - 3 boomerangs of dispersal
 M - a throwing net
Armour
 c - a +0 cloak (worn)
 d - a +0 helmet (worn)
 C - a +3 leather armour of fire resistance (worn)
 D - a +2 robe of willpower
Jewellery
 g - an amulet of the acrobat (around neck)
 o - a +6 ring of intelligence (right hand)
 x - a ring of poison resistance
 E - a +4 ring of protection (left hand)
 L - a +4 ring of evasion
Wands
 G - a wand of iceblast (14)
 J - a wand of digging (7)
 Q - a wand of polymorph (8)
Scrolls
 a - a scroll of amnesia {unknown}
 b - a scroll of immolation {unknown}
 f - a scroll of summoning {unknown}
 n - 2 scrolls of vulnerability {unknown}
 u - 2 scrolls of magic mapping {unknown}
 v - 3 scrolls of blinking
 F - 2 scrolls of enchant weapon {unknown}
 K - 2 scrolls of fog {unknown}
 P - a scroll of teleportation
Potions
 e - 3 potions of attraction {unknown}
 h - 2 potions of mutation {unknown}
 i - a potion of berserk rage {unknown}
 j - a potion of might
 k - 3 potions of flight
 l - 4 potions of curing
 s - a potion of resistance {unknown}
 w - 2 potions of cancellation
 z - a potion of lignification {unknown}
 B - a potion of experience {unknown}
 H - 3 potions of magic {unknown}
 N - 2 potions of haste {unknown}
 O - a potion of ambrosia {unknown}


   Skills:
 - Level 4.5 Fighting
 - Level 11.2 Short Blades
 - Level 5.6 Throwing
 + Level 3.8 Dodging
 - Level 12.3 Stealth
 - Level 8.3 Hexes


You had 4 spell levels left.
You knew the following spells:

 Your Spells              Type           Power      Damage    Failure   Level
a - Confusing Touch       Hex            30%        N/A       2%          3
b - Wereblood             Tmut           0%         N/A       38%         2
c - Slow                  Hex            30%        N/A       1%          2

Your spell library contained the following spells:

 Spells                   Type           Power      Damage    Failure   Level
 Magic Dart               Conj           0%         1d3       26%         1
 Searing Ray              Conj           0%         3d3       38%         2
 Sublimation of Blood     Necr           0%         N/A       38%         2
 Fulminant Prism          Conj/Hex       7%         3d7       43%         4
 Vampiric Draining        Necr           0%         2d6       63%         3
 Summon Hydra             Summ           0%         N/A       100%        7


Dungeon Overview and Level Annotations

Branches:
Dungeon (10/15)            Temple (1/1) D:5            Lair (2/6) D:9
  Swamp: Lair:2-4    Shoals: Lair:2-4     Snake: Lair:2-4    Spider: Lair:2-4
    Orc: D:9-12

Altars:
Ashenzari
Cheibriados
Dithmenos
Elyvilon
Fedhas
Gozag
Hepliaklqana
Kikubaaqudgha
Okawaru
Qazlal
Ru
Sif Muna
Trog
Uskayaw
Vehumet
Wu Jian
Xom
Yredelemnul
Zin
The Shining One

Shops:
D:5 [   D:10 !

Annotations:
D:5 2 transporters


Innate Abilities, Weirdness & Mutations

You have razor-sharp teeth.
Your natural rate of healing is unusually fast.
When hurt, damage is shared between your health and your magic reserves.
Your bite disrupts and absorbs the magic of your enemies.
Potions cannot restore your health.


Message History

The water moccasin is moderately wounded.
You hit the water moccasin.
The water moccasin is poisoned.
You bite the water moccasin, but do no damage.
The water moccasin is heavily wounded.
The water moccasin bites you but does no damage.
You strike the helpless water moccasin from behind!
You perforate the water moccasin like a sieve!!!
You kill the water moccasin!
Dithmenos accepts your kill.
You hit the komodo dragon but do no damage.
The komodo dragon is poisoned.
You bite the komodo dragon, but do no damage.
Casting: Confusing Touch (dangerous; 2% risk of failure)
Confirm with . or Enter, or press ? or * to list all spells.
Your hands begin to glow red.
The komodo dragon hisses menacingly.
The komodo dragon bites you!!
You barely miss the komodo dragon.
The komodo dragon is lightly wounded.
The komodo dragon bites you!!
You hit the komodo dragon but do no damage.
The komodo dragon is lightly wounded.
You hit the komodo dragon but do no damage.
The komodo dragon appears confused.
The komodo dragon is lightly wounded.
The komodo dragon closely misses you.
You hit the komodo dragon but do no damage.
Your bite misses the komodo dragon.
The komodo dragon is lightly wounded.
You barely miss the komodo dragon.
The komodo dragon is lightly wounded.
The komodo dragon bites you!
* * * LOW HITPOINT WARNING * * *
You hit the komodo dragon.
The komodo dragon looks even sicker.
The komodo dragon is lightly wounded.
You hit the komodo dragon but do no damage.
The komodo dragon looks as sick as possible!
The komodo dragon is lightly wounded.
The komodo dragon bites you!!
You die...

## .. ..+
..# #.#
.. #....
#..#. ...
#.##.#+#
#....<@#
##..###l#
#.. #..
## ....
....#
.$..#
...# ..P.


You could see a komodo dragon (confused, extremely poisoned).

Vanquished Creatures
  3 hydras
  Harold (D:7)
  2 two-headed ogres
  Pikel (D:5)
  A black mamba (Lair:1)
  2 cane toads (Lair:1)
  2 komodo dragons (Lair:2)
  Grinder (D:4)
  8 blink frogs (Lair:1)
  The ghost of Djamper the Ducker, an amateur MfVM (D:4)
  A shadow (D:9)
  A wraith (D:9)
  Sigmund (D:2)
  4 yaks
  Eustachio (D:4)
  A steam dragon (D:6)
  Edmund (D:5)
  9 water moccasins
  2 orc warriors (D:6)
  A hornet zombie (D:6)
  5 black bears
  3 ogres
  3 centaurs
  4 wolves (Lair:1)
  A phantom (D:5)
  3 kobold brigands
  A gnoll sergeant (D:8)
  10 bullfrogs
  2 scorpions (D:5)
  A water moccasin zombie (D:6)
  A wyvern zombie (D:9)
  A wyvern skeleton (D:7)
  4 killer bees (D:9)
  3 wights (D:9)
  3 howler monkeys
  An electric eel (D:8)
  5 orc priests
  2 centaur zombies
  3 hounds
  2 jellies (D:7)
  Crazy Yiuf (D:4)
  Natasha (thrice) (D:4)
  An iguana (D:6)
  A scorpion zombie (D:5)
  5 orc wizards
  A howler monkey zombie (D:7)
  Robin (D:2)
  9 gnolls
  4 adders
  2 shadow imps
  A white imp (D:5)
  4 ufetubi
  A dart slug (D:1)
  17 orcs
  4 ball pythons
  3 bats
  13 endoplasms
  4 giant cockroaches
  16 goblins
  3 hobgoblins
  5 jackals
  26 kobolds
  4 quokkas
  2 frilled lizards (D:1)
  5 rats
  A butterfly (Lair:1)
239 creatures vanquished.

Vanquished Creatures (others)
  34 fungi
  19 plants (D:9)
  6 toadstools (D:2)
59 creatures vanquished.

Grand Total: 298 creatures vanquished

Notes
Turn   | Place    | Note
-------+----------+-------------------------------------------
     0 | D:1      | HAL9000 the Vine Stalker Brigand began the quest for the
                  | Orb.
     0 | D:1      | Reached XP level 1. HP: 11/11 MP: 2/2
   270 | D:1      | Reached XP level 2. HP: 9/15 MP: 1/3
   921 | D:1      | Reached XP level 3. HP: 2/18 MP: 0/4
  2278 | D:2      | Noticed Robin
  2306 | D:2      | Gained mutation: Your natural rate of healing is unusually
                  | fast. [Vine Stalker growth]
  2306 | D:2      | Reached XP level 4. HP: 9/23 MP: 5/5
  2333 | D:2      | Killed Robin
  2441 | D:2      | Found a faded altar of an unknown god.
  2597 | D:2      | Noticed Sigmund
  2608 | D:2      | Killed Sigmund
  2609 | D:2      | Reached skill level 5 in Throwing
  2609 | D:2      | Reached XP level 5. HP: 26/26 MP: 6/6
  2609 | D:2      | Reached XP level 6. HP: 30/30 MP: 7/7
  3351 | D:4      | Noticed a black bear
  3391 | D:3      | Killed a black bear
  3631 | D:4      | Found a runed translucent door.
  3632 | D:4      | Noticed Crazy Yiuf
  3685 | D:4      | Noticed Grinder
  3719 | D:4      | Killed Grinder
  3720 | D:4      | Reached XP level 7. HP: 34/34 MP: 8/8
  3724 | D:4      | Noticed Eustachio
  3764 | D:4      | Killed Eustachio
  3765 | D:4      | Reached skill level 5 in Short Blades
  3826 | D:4      | Noticed Natasha
  4143 | D:4      | Killed Natasha
  4201 | D:4      | Noticed Natasha
  4209 | D:4      | Killed Natasha
  4210 | D:4      | Gained mutation: You have razor-sharp teeth. [Vine Stalker
                  | growth]
  4210 | D:4      | Reached XP level 8. HP: 36/38 MP: 7/9
  4290 | D:4      | Found a runed translucent gate.
  4291 | D:4      | Found a runed translucent gate.
  4291 | D:4      | Noticed Djamper's ghost (amateur MfVM)
  4292 | D:4      | Found a runed translucent gate.
  4377 | D:4      | Noticed Natasha
  4386 | D:4      | Killed Natasha
  4563 | D:5      | Entered Level 5 of the Dungeon
  4592 | D:5      | Found a transporter.
  4605 | D:5      | Noticed Edmund
  4629 | D:5      | Killed Edmund
  5067 | D:5      | Found a transporter.
  5072 | D:5      | Found Koemp's Antique Armour Emporium.
  5077 | D:5      | Bought a dyed leather armour for 125 gold pieces
  5117 | D:5      | Found a staircase to the Ecumenical Temple.
  5326 | D:5      | Reached XP level 9. HP: 43/43 MP: 10/10
  5326 | D:5      | Noticed Pikel
  5336 | D:5      | Killed Pikel
  5776 | D:6      | Reached skill level 10 in Short Blades
  6749 | D:7      | Noticed Harold
  6763 | D:7      | Killed Harold
  6764 | D:7      | Reached XP level 10. HP: 21/51 MP: 5/11
  6911 | D:8      | Reached skill level 5 in Stealth
  7275 | D:8      | Reached skill level 6 in Stealth
  7477 | D:8      | Reached skill level 7 in Stealth
  7497 | D:8      | Identified a scroll of acquirement
  7497 | D:8      | Acquired a +4 quick blade
  7643 | D:8      | Noticed an eight-headed hydra
  7648 | D:8      | Killed an eight-headed hydra
  7649 | D:8      | Reached skill level 8 in Stealth
  7665 | D:8      | Reached skill level 9 in Stealth
  7850 | D:8      | Learned a level 3 spell: Confusing Touch
  7853 | D:8      | Learned a level 2 spell: Wereblood
  7856 | D:8      | Learned a level 2 spell: Slow
  7905 | D:8      | Noticed a two-headed ogre
  7937 | D:8      | Killed a two-headed ogre
  7938 | D:8      | Reached skill level 10 in Stealth
  8720 | D:9      | Reached XP level 11. HP: 42/54 MP: 12/12
  8753 | D:9      | Reached skill level 11 in Stealth
  8864 | D:9      | Found a staircase to the Lair.
  9130 | D:9      | Noticed a two-headed ogre
  9154 | D:9      | Killed a two-headed ogre
  9155 | D:9      | Reached skill level 12 in Stealth
  9445 | Lair:1   | Entered Level 1 of the Lair of Beasts
  9446 | Lair:1   | Upgraded the game from 0.27-a0-1595-g0b823d0a13 to
                  | 0.27-a0-1597-ge58577e147
  9473 | D:10     | Entered Level 10 of the Dungeon
  9473 | D:10     | Found Pom Umefisoc's Distillery.
  9550 | Temple   | Entered the Ecumenical Temple
  9695 | Temple   | Became a worshipper of Dithmenos the Shadowed
  9805 | D:4      | Killed Djamper's ghost
  9881 | D:4      | Killed Crazy Yiuf
 10082 | Lair:1   | Noticed a four-headed hydra
 10089 | Lair:1   | Killed a four-headed hydra
 10090 | Lair:1   | Reached skill level 5 in Hexes
 10373 | Lair:1   | Reached * piety under Dithmenos
 10395 | Lair:1   | Noticed a seven-headed hydra
 10402 | Lair:1   | Killed a seven-headed hydra
 10619 | Lair:1   | Reached skill level 1 in Dodging
 10627 | Lair:1   | Reached XP level 12. HP: 58/58 MP: 13/13
 11042 | Lair:2   | Mangled by a komodo dragon

Illustrated notes

Levels and vault maps discovered:
D:1:      minmay_arrival_plants_in_alcoves, layout_loops_ring,
          minmay_fountain_box, minmay_quantized
D:2:      layout_basic, basic_ecumenical_altar, minmay_misc_feat_tiny,
          minmay_gold_behind_fungi, uniq_robin, uniq_sigmund
D:3:      layout_loops_ring
D:4:      layout_rooms, gammafunk_ghost_nasty_kobolds, minmay_misc_feat_encased,
          uniq_crazy_yiuf_cottage, uniq_grinder, uniq_natasha, uniq_eustachio
D:5:      gammafunk_steamed_eel, layout_cave_pools, minmay_temple_entry_trees,
          serial_shops, nicolae_shop_trees, uniq_edmund, uniq_pikel
D:6:      layout_rooms
D:7:      layout_basic, uniq_harold
D:8:      layout_cave_pods, fountainhead
D:9:      layout_basic, due_lair_maze_entry_diamond, minmay_quadrilaterals
D:10:     layout_roguey, old_standard_altar,
          mainiacjoe_overflow_concentric_impassable, serial_shops, shop,
          uniq_josephine
Temple:   regret_index_temple_chain_breaker
Lair:1:   layout_cave_pods, nicolae_quartered_pool_super, grunt_megastairs_1,
          lemuel_fruit_fields
Lair:2:   layout_roguey, beast_lair_carwin_2

Skill      XL: |  1  2  3  4  5  6  7  8  9 10 11 12 |
---------------+-------------------------------------+-----
Throwing       | 2 3 5 |  5.6
Short Blades   | 4 6 8 11 | 11.2
Fighting       | 2 4 |  4.5
Stealth        | 10 12 | 12.3
Hexes          | 2 8 |  8.3
Dodging        | 1 3 |  3.8

Action                   |  1- 3 |  4- 6 |  7- 9 | 10-12 || total
-------------------------+-------+-------+-------+-------++-------
Melee: Dagger            |   104 |    79 |   263 |    83 ||   529
       Bite              |    29 |    17 |    89 |   136 ||   271
       Unarmed           |       |     7 |       |       ||     7
       Rapier            |       |       |     3 |       ||     3
       Quick blade       |       |       |       |   373 ||   373
Throw: Dart              |    22 |    24 |    62 |    28 ||   136
       Boomerang         |       |    10 |    41 |     3 ||    54
 Cast: Confusing Touch   |       |       |       |    11 ||    11
       Wereblood         |       |       |       |     1 ||     1
       Slow              |       |       |       |     1 ||     1
  Use: Scroll            |       |     5 |     1 |     9 ||    15
       Potion            |       |       |     1 |       ||     1
 Stab: Sleeping          |     3 |     8 |     3 |    17 ||    31
       Confused          |       |       |       |     9 ||     9
Armor: Robe              |    26 |    14 |    26 |       ||    66
       Skin              |       |     1 |       |       ||     1
       Leather armour    |       |       |    14 |    72 ||    86
Dodge: Dodged            |    73 |    54 |   154 |   143 ||   424

Table legend: (Time is in decaauts)
 A = Elapsed time spent in this place.
 B = Non-inter-level travel time spent in this place.
 C = Inter-level travel time spent in this place.
 D = Time resting spent in this place.
 E = Time spent auto-exploring this place.
 F = Levels seen in this place.
 G = Mean time per level.
                   A        B        C        D        E       F      G
               +--------+--------+--------+--------+--------+-----+--------+
         Total |  10591 |   9837 |    754 |   1511 |   6473 |  13 |  814.7 |
       Dungeon |   9510 |   8792 |    718 |   1498 |   5594 |  10 |  951.0 |
        Temple |    160 |    138 |     22 |      0 |    137 |   1 |  160.0 |
          Lair |    920 |    906 |     14 |     13 |    742 |   2 |  460.0 |
               +--------+--------+--------+--------+--------+-----+--------+

Top non-repeatable levels by time:
     D:1: 1724 daAuts
     D:4: 1420 daAuts
     D:8: 1367 daAuts
     D:2: 1068 daAuts
     D:7: 993 daAuts
     D:9: 967 daAuts
  Lair:1: 900 daAuts
     D:5: 694 daAuts
     D:3: 664 daAuts
     D:6: 607 daAuts
  Temple: 160 daAuts
  Lair:2: 19 daAuts
    D:10: 1 daAuts
